 Dungeon Crawl Stone Soup version 0.25.1-2-g60ff931df9 (webtiles) character file.

Game seed: 2436042721000480421

254 Erymatos the Chopper (level 5, -2/48 HPs)
             Began as a Minotaur Berserker on Nov 10, 2020.
             Was a Believer of Trog.
             Slain by a phantom (9 damage)
             ... on level 4 of the Dungeon.
             The game lasted 00:02:43 (2439 turns).

Erymatos the Chopper (Minotaur Berserker)           Turns: 2439, Time: 00:02:44

Health: -2/48      AC:  2    Str: 22    XL:     5   Next: 90%
Magic:  4/4        EV: 13    Int:  4    God:    Trog [**....]
Gold:   150        SH:  0    Dex: 10    Spells: 4/4 levels left

rFire    . . .     SeeInvis +   a - +0 hand axe
rCold    . . .     Gourm    .   (no shield)
rNeg     . . .     Faith    .   b - +0 animal skin
rPois    .         Spirit   .   (helmet restricted)
rElec    .         Reflect  .   (no cloak)
rCorr    +         Harm     .   (no gloves)
MR       .....                  (no boots)
Stlth    +.........             g - amulet of inaccuracy (curse)
HPRegen  0.16/turn              o - ring of resist corrosion
MPRegen  0.09/turn              p - ring of see invisible

@: berserk cooldown, slowed, very slow
A: retaliatory headbutt, horns 2
a: Berserk, Trog's Hand, Renounce Religion


You were on level 4 of the Dungeon.
You worshipped Trog.
Trog was pleased with you.
You were very hungry.

You visited 1 branch of the dungeon, and saw 3 of its levels.

You collected 150 gold pieces.

Inventory:

Hand Weapons
 a - a +0 hand axe (weapon)
Armour
 b - a +0 animal skin (worn)
Jewellery
 g - a cursed amulet of inaccuracy (around neck)
 o - a ring of resist corrosion (left hand)
 p - a ring of see invisible (right hand)
Wands
 f - a wand of disintegration (15)
Scrolls
 d - 2 scrolls of identify {unknown}
 e - a scroll of enchant weapon {unknown}
 h - a scroll of fear
 i - a scroll of noise {unknown}
 k - a scroll of teleportation {unknown}
 l - a scroll of remove curse {unknown}
Potions
 j - 3 potions of heal wounds {unknown}
 n - a potion of haste {unknown}
Comestibles
 c - 8 rations


   Skills:
 + Level 5.1 Fighting
 + Level 6.2 Axes
 + Level 2.7 Armour
 + Level 3.5 Dodging


You had 4 spell levels left.
You didn't know any spells.
Your spell library was empty.

Dungeon Overview and Level Annotations

Branches:
Dungeon (2/15)

Altars:
Ashenzari
Dithmenos
Hepliaklqana
Okawaru
Sif Muna
Xom


Innate Abilities, Weirdness & Mutations

You reflexively headbutt those who attack you in melee.
You have a pair of horns on your head.


Message History

The phantom barely misses you. You furiously retaliate!
You headbutt the phantom.
The phantom hits you but does no damage.
There is a stone staircase leading up here.
Unknown command.
You miss the phantom. Your headbutt misses the phantom.
The phantom is moderately damaged.
The phantom hits you.
* * * LOW HITPOINT WARNING * * *
The phantom hits you but does no damage.
Unknown command.
You closely miss the phantom.
The phantom is moderately damaged.
The phantom misses you.
Unknown command.
You miss the phantom. You headbutt the phantom.
The phantom is moderately damaged.
The phantom hits you but does no damage.
The phantom hits you!
You die...

# #.# ### #.# ..####.# ####
....#.## ##..# ......# ###...#
....#.# ##...... ...##.#
#....... ...##.# ###########
#....... ..##..## #...@.....##
##...... ..##...#
#...W......######.... .......##
##.........##.$.#.... #(..#...##
#.........##_..'.... ##..##...##
##........##...#....
#..###...#####.........#####....
#.## ##.........................
##.# ##........................
#..# ##...######.......#####....


You could see a phantom.

Vanquished Creatures
  An ogre (D:4)
  A hound (D:4)
  A worker ant (D:4)
  4 gnolls (D:4)
  An ooze (D:1)
  An adder skeleton (D:4)
  3 worms
  3 dart slugs
  2 leopard geckos (D:1)
  A ball python (D:1)
  2 giant cockroaches
  4 hobgoblins (D:1)
  9 jackals
  4 kobolds
  5 bats
  3 frilled lizards
  4 goblins
  7 rats
56 creatures vanquished.

Notes
Turn   | Place    | Note
-------+----------+-------------------------------------------
     0 | D:1      | Erymatos the Minotaur Berserker began the quest for the
                  | Orb.
     0 | D:1      | Reached XP level 1. HP: 19/19 MP: 0/0
   183 | D:1      | Reached skill level 4 in Axes
   183 | D:1      | Reached XP level 2. HP: 24/27 MP: 1/1
   674 | D:1      | Reached XP level 3. HP: 33/33 MP: 2/2
  1024 | D:2      | Reached ** piety under Trog
  1321 | D:2      | You fall into a shaft and drop 2 floors!
  1435 | D:4      | Reached XP level 4. HP: 23/41 MP: 3/3
  1647 | D:4      | Reached skill level 5 in Axes
  1700 | D:4      | Found a hazy altar of Hepliaklqana.
  1701 | D:4      | Found a shimmering altar of Xom.
  1702 | D:4      | Noticed a spectral ugly thing
  1702 | D:4      | Noticed a yak
  2073 | D:4      | Reached XP level 5. HP: 42/47 MP: 4/4
  2125 | D:4      | Found a shimmering blue altar of Sif Muna.
  2127 | D:4      | Found an iron altar of Okawaru.
  2131 | D:4      | Found a shattered altar of Ashenzari.
  2242 | D:4      | Noticed an ogre
  2250 | D:4      | Killed an ogre
  2250 | D:4      | Reached skill level 5 in Fighting
  2250 | D:4      | Reached skill level 6 in Axes
  2400 | D:4      | Found a shadowy altar of Dithmenos.
  2400 | D:4      | Noticed a phantom
  2439 | D:4      | Slain by a phantom

Illustrated notes

Levels and vault maps discovered:
D:1:      ncdulo_watergridlock, layout_loops_ring, minmay_tromino_i4
D:2:      layout_rooms, elyvilon_altar_4
D:4:      layout_cave_pods, regret_index_temple_of_mockery, minitemple,
          grunt_dithmenos_shadows

Skill      XL: |  1  2  3  4  5 |
---------------+----------------+-----
Axes           | 4 5 6 |  6.2
Fighting       | 4 5 |  5.1
Dodging        | 3 |  3.5
Armour         | |  2.7

Action                   |  1- 3 |  4- 6 || total
-------------------------+-------+-------++-------
Melee: Hand axe          |    73 |    50 ||   123
       Headbutt          |     8 |    13 ||    21
Invok: Berserk           |     1 |     2 ||     3
  Use: Scroll            |       |     1 ||     1
 Stab: Sleeping          |     1 |       ||     1
  Eat: Chunk             |     2 |     5 ||     7
Armor: Animal skin       |    13 |     9 ||    22
Dodge: Dodged            |    52 |    48 ||   100
